 Dungeon Crawl Stone Soup version 0.31-a0-236-g9a0961fb85 (webtiles) character file.

Game seed: 4422677714338968379

64 qw the Shooter (level 3, -1/29 HPs)
             Began as a Minotaur Hexslinger on July 10, 2023.
             Slain by a gnoll
             ... wielding a +0 whip
              (4 damage)
             ... on level 3 of the Dungeon.
             The game lasted 00:00:34 (1793 turns).

qw the Shooter (Minotaur Hexslinger)                Turns: 1793, Time: 00:00:35

Health: -1/29      AC:  5    Str: 12    XL:     3   Next: 91%
Magic:  3/3        EV: 11    Int: 10    God:
Gold:   120        SH:  0    Dex: 14    Spells: 3/4 levels left

rFire   . . .        Y - +1 sling
rCold   . . .        (no shield)
rNeg    . . .        e - +0 ring mail
rPois   .            (helmet restricted)
rElec   .            (no cloak)
rCorr   +            (no gloves)
SInv    .            (no boots)
Will    .....        (no amulet)
Stlth   +            c - ring of resist corrosion
HPRegen 0.24/turn    (no ring)
MPRegen 0.08/turn

%: no passive effects
@: no status effects
A: horns 2, retaliatory headbutt
a: no special abilities


You were on level 3 of the Dungeon.
You visited 1 branch of the dungeon, and saw 3 of its levels.

You collected 120 gold pieces.


Innate Abilities, Weirdness & Mutations

You have a pair of horns on your head.
You reflexively headbutt those who attack you in melee.


   Skills:
 - Level 2.1 Fighting
 + Level 4.1 Ranged Weapons
 - Level 1.2 Armour
 - Level 2.1 Dodging
 - Level 1.0 Spellcasting
 - Level 2.0 Hexes


You had 3 spell levels left.
You knew the following spells:

 Your Spells              Type           Power      Damage    Failure   Level
a - Slow                  Hex            16%        N/A       34%         1

Your spell library contained the following spells:

 Spells                   Type           Power      Damage    Failure   Level
 Inner Flame              Hex/Fire       2%         N/A       83%         3
 Portal Projectile        Hex/Tloc       4%         N/A       83%         3
 Cause Fear               Hex            2%         N/A       98%         4

Inventory:

Hand Weapons
 Y - a +1 sling (weapon)
Armour
 e - a +0 ring mail (worn)
Jewellery
 c - a ring of resist corrosion (left hand)
Scrolls
 b - a scroll of identify
 f - a scroll of silence {unknown}
 l - a scroll of fear {unknown}
Potions
 a - a potion of mutation {unknown}
 d - a potion of might {unknown}
 g - a potion of magic {unknown}
 h - a potion of heal wounds {unknown}
 i - a potion of lignification {unknown}
 j - a potion of attraction {unknown}
 k - 2 potions of curing

Dungeon Overview and Level Annotations

Branches:
Dungeon (3/15)

Altars:


Message History

Enter note: You shoot a sling bullet.
The sling bullet closely misses the goblin.
The goblin barely misses you. You furiously retaliate!
You headbutt the goblin!
You kill the goblin!
You shoot a sling bullet. The sling bullet hits the ball python.
You kill the ball python!
You now have 120 gold pieces (gained 13).
You open the door.
There is an open door here.
i - a smoky inky potion
Enter note:
l - a scroll labelled KAJOAREXTO
Enter note: 2 gnolls come into view.
The gnoll shouts! x2
Enter note:
Enter note: You shoot a sling bullet.
The sling bullet closely misses the gnoll.
You shoot a sling bullet. The sling bullet hits the gnoll.
The gnoll is heavily wounded.
A gnoll comes into view. It is wielding a +0 halberd.
You shoot a sling bullet.
The sling bullet barely misses the gnoll.
You shoot a sling bullet.
The sling bullet barely misses the gnoll.
You shoot a sling bullet.
The sling bullet closely misses the gnoll.
The sling bullet hits the gnoll but does no damage.
The gnoll is heavily wounded.
The gnoll hits you with a +0 whip.
You shoot a sling bullet. The sling bullet hits the gnoll.
The gnoll is lightly wounded.
The gnoll closely misses you. The gnoll hits you with a +0 whip!
You shoot a sling bullet. The sling bullet hits the gnoll.
The gnoll is almost dead.
The gnoll hits you from afar with a +0 halberd!
The gnoll barely misses you. The gnoll hits you with a +0 whip.
You die...

#.########.#
#.... #.# #.#
#.... . #.#
#.###.##. ..
#.# #.....##.
... #.#
########. ....
#.# #. .....
#.# #.
.....g#g# . #.
......g@# ..
#.
###+#.#......#
.. #.
#.#.####.#
###.##. # #.#
....... #.#
.##.##. #.# #.
... #. ..# #.
#.


You could see 3 gnolls.

Vanquished Creatures
  3 adders (D:2)
  3 endoplasms
  2 giant cockroaches (D:1)
  6 goblins
  4 hobgoblins
  2 quokkas (D:1)
  3 ball pythons
  5 bats
  4 frilled lizards (D:1)
  2 kobolds
  4 rats
38 creatures vanquished.

Notes
Turn   | Place    | Note
-------+----------+-------------------------------------------
     0 | D:1      | qw the Minotaur Hexslinger began the quest for the Orb.
     0 | D:1      | Reached XP level 1. HP: 16/16 MP: 1/1
     0 | D:1      | 0 ||| qw: Version: 0.3-a-52-g30416fa
     0 | D:1      | 0 ||| qw: Game counter: 4921
     0 | D:1      | 0 ||| qw: Melee chars always use a shield: true
     0 | D:1      | 0 ||| qw: God list: Okawaru
     0 | D:1      | 0 ||| qw: Allow faded altars: false
     0 | D:1      | 0 ||| qw: Do Orc after clearing Dungeon:15 true
     0 | D:1      | 0 ||| qw: Do second Lair branch before Depths: true
     0 | D:1      | 0 ||| qw: Lair rune preference: random
     0 | D:1      | 0 ||| qw: Goals: Normal
     0 | D:1      | 0 ||| PLANNING D:1-11
    77 | D:1      | Reached skill level 3 in Ranged Weapons
    77 | D:1      | Reached XP level 2. HP: 19/23 MP: 2/2
    86 | D:1      | 86 ||| FLEEEEING.
    87 | D:1      | 87 ||| FLEEEEING.
   665 | D:1      | 665 ||| UPGRADING to +0 ring mail.
   675 | D:1      | 675 ||| DROPPING +0 robe.
   676 | D:1      | 676 ||| READING scroll labelled LATEYKHLU KASI.
   677 | D:1      | 677 ||| READING scroll labelled CITIDD EMPEOMN.
   682 | D:1      | 682 ||| DROPPING scroll of poison.
   910 | D:2      | Found a faded altar of an unknown god.
  1066 | D:2      | Reached XP level 3. HP: 29/29 MP: 3/3
  1224 | D:2      | Reached skill level 4 in Ranged Weapons
  1379 | D:2      | Reached skill level 1 in Armour
  1540 | D:2      | 1540 ||| UPGRADING to ring of resist corrosion.
  1541 | D:2      | 1541 ||| DRINKING 3 grey potions.
  1793 | D:3      | HP: 3/29 [gnoll/+0 halberd (13)]
  1793 | D:3      | Slain by a gnoll

Levels and vault maps discovered:
D:1:      lightli_arrival_maybe_door_vault, layout_basic, minmay_misc_feat_x
D:2:      minmay_spotlight, layout_basic, shapermc_ecumenical_altar_totnotflames
D:3:      layout_basic, nemelex_diamond_rough_becter

Skill      XL: |  1  2  3 |
---------------+----------+-----
Ranged Weapons | 3 4 |  4.1
Fighting       | 2 |  2.1
Armour         | 1 |  1.2
Dodging        | |  2.1
Spellcasting   | |  1.0
Hexes          | |  2.0

Action                     || total
---------------------------++-------
   Fire: Sling             ||   121
    Use: Scroll            ||     2
         Potion            ||     1
 Armour: Robe              ||    16
         Ring mail         ||     7
  Dodge: Dodged            ||    76

Table legend:
 A = Non-vault XP
 B = Vault XP
 C = Vault XP percentage of total XP
 D = Non-vault monster count
 E = Vault monster count
 F = Vault count percentage of total count
                 A         B        C        D         E       F
            +---------+---------+-------+---------+---------+-------
      Total |      63 |      29 |  31.5 |      34 |       4 |  10.5
            +---------+---------+-------+---------+---------+-------
        D:1 |      35 |       0 |   0.0 |      23 |       0 |   0.0
        D:2 |      22 |      29 |  56.9 |       7 |       4 |  36.4
        D:3 |       6 |       0 |   0.0 |       4 |       0 |   0.0
            +---------+---------+-------+---------+---------+-------
